 Dungeon Crawl Stone Soup version 0.31-a0-162-gc4c5a43528 (console) character file.

Game seed: 7668357178221254969

1749824 FullyGoyle the Conqueror (level 27, 199/199 HPs)
             Began as a Gargoyle Fighter on June 13, 2023.
             Was a High Priest of Okawaru.
             Escaped with the Orb
             ... and 3 runes on June 18, 2023!
             The game lasted 05:31:46 (64383 turns).

FullyGoyle the Conqueror (Gargoyle Fighter)        Turns: 64383, Time: 05:31:47

Health: 199/199    AC: 58    Str: 31    XL:     27
Magic:  32/32      EV: 11    Int: 20    God:    Okawaru [*****.]
Gold:   5601       SH: 33    Dex:  9    Spells: 26/26 levels left

rFire   + + .        a - +7 war axe {speed, rElec Str+2}
rCold   + + .        i - +12 tower shield "Sualom" {Will+ Int+2 SInv Stlth+}
rNeg    + + .        d - +8 gold dragon scales
rPois   ∞            h - +0 hat {Will+}
rElec   +            e - scarf of the Trombone {shadows, rF+ rC+}
rCorr   .            g - +0 pair of gloves
SInv    +            f - +2 pair of boots {Stlth+}
Will    +++++        o - amulet of regeneration Stlth
                     K - ring "Wuetry" {rPois rN+ Slay+4}
HPRegen 1.33/turn    y - ring of willpower
MPRegen 0.23/turn

%: no passive effects
@: flying, studying Summonings
A: sickness immunity, AC +20, big wings, negative energy resistance 1,
electricity resistance, torment resistance 1, petrification resistance, hooves
1, clever 2, screaming 1, subdued magic 2
0: Orb of Zot
}: 3/15 runes: serpentine, barnacled, silver
a: Renounce Religion, Heroism, Finesse, Duel


You escaped.
You worshipped Okawaru.
Okawaru was extremely pleased with you.
You visited 9 branches of the dungeon, and saw 47 of its levels.
You visited the Abyss 1 time.
You also visited: Bailey, Gauntlet, Ice Cave and Wizlab.

You collected 7127 gold pieces.
You spent 1526 gold pieces at shops.

Inventory:

Hand Weapons
 a - the +7 war axe of Causality (weapon) {speed, rElec Str+2}
   (Okawaru gifted it to you on level 5 of the Realm of Zot)

   Str:       It affects your strength (+2).
   rElec:     It insulates you from electricity.
 b - a +8 vampiric broad axe
 c - the +10 sling of Crystal {flame, rElec Str+8 Int+5 Stlth-}
   (You found it on level 1 of the Elven Halls)

   Str:       It affects your strength (+8).
   Int:       It affects your intelligence (+5).
   rElec:     It insulates you from electricity.
   Stlth:     It makes you less stealthy.
 A - a +0 antimagic hand axe
 B - the +9 broad axe "Xedghim" {venom, rC+ Dex+3}
   (Okawaru gifted it to you on level 12 of the Dungeon)

   Dex:       It affects your dexterity (+3).
   rC:        It protects you from cold.
 E - a +5 war axe of flaming
Missiles
 n - 66 boomerangs (quivered)
 P - 13 throwing nets
 U - 18 javelins
Armour
 d - +8 gold dragon scales (worn)
 e - the scarf of the Trombone (worn) {shadows, rF+ rC+}
   (Okawaru gifted it to you on level 3 of the Shoals)

   rF:        It protects you from fire.
   rC:        It protects you from cold.
 f - a +2 pair of boots of stealth (worn)
 g - a +0 pair of gloves (worn)
 h - a +0 hat of willpower (worn)
 i - the +12 tower shield "Sualom" (worn) {Will+ Int+2 SInv Stlth+}
   (Okawaru gifted it to you on level 1 of the Elven Halls)

   Int:       It affects your intelligence (+2).
   SInv:      It lets you see invisible.
   Will:      It increases your willpower.
   Stlth:     It makes you more stealthy.
Jewellery
 o - an amulet of regeneration (around neck)
 v - a ring of resist corrosion
 y - a ring of willpower (right hand)
 F - a ring of protection from fire
 J - a +6 ring of strength
 K - the ring "Wuetry" (left hand) {rPois rN+ Slay+4}
   (You found it on level 1 of the Elven Halls)

   [ring of slaying]

   Slay:      It affects your accuracy & damage with ranged weapons and melee
   (+4).
   rPois:     It protects you from poison.
   rN:        It protects you from negative energy.
 T - a +6 ring of dexterity
 X - a +5 ring of evasion
Wands
 k - a wand of mindburst (27)
 D - a wand of digging (39)
 M - a wand of roots (45)
 V - a wand of acid (22)
Scrolls
 j - 9 scrolls of noise
 m - 2 scrolls of revelation
 q - 6 scrolls of fog
 r - 19 scrolls of identify
 H - 28 scrolls of teleportation
 I - 3 scrolls of silence
 O - 6 scrolls of fear
 S - 4 scrolls of poison
 Z - 13 scrolls of blinking
Potions
 l - 5 potions of invisibility
 p - 2 potions of berserk rage
 s - 7 potions of mutation
 t - 2 potions of haste
 u - 6 potions of resistance
 w - 2 potions of might
 x - a potion of magic
 z - 4 potions of cancellation
 C - 8 potions of enlightenment
 G - 25 potions of curing
 Q - 10 potions of heal wounds
 W - 4 potions of ambrosia
Miscellaneous
 N - a phial of floods


   Skills:
 O Level 27 Fighting
 - Level 22.0 Axes
 - Level 5.0 Ranged Weapons
 - Level 5.0 Throwing
 - Level 22.0 Armour
 + Level 17.7 Dodging
 - Level 22.0 Shields
 - Level 12.0 Invocations


You had 26 spell levels left.
You didn't know any spells.
Your spell library contained the following spells:

 Spells                   Type           Power      Damage    Failure   Level
 Beastly Appendage        Tmut           0%         N/A       86%         1
 Foxfire                  Conj/Fire      0%         2x1d4     86%         1
 Freeze                   Ice            0%         1d3       86%         1
 Kiss of Death            Conj/Necr      0%         2d5       86%         1
 Magic Dart               Conj           0%         1d3       86%         1
 Sandblast                Erth           0%         2d4       86%         1
 Shock                    Conj/Air       0%         1d3       86%         1
 Blink                    Tloc           0%         N/A       95%         2
 Ensorcelled Hibernation  Hex/Ice        0%         N/A       95%         2
 Lesser Beckoning         Tloc           0%         N/A       95%         2
 Momentum Strike          Conj/Tloc      0%         3d8       95%         2
 Passwall                 Tmut/Erth      0%         N/A       95%         2
 Poisonous Vapours        Pois/Air       0%         N/A       95%         2
 Scorch                   Fire           0%         2d5       95%         2
 Searing Ray              Conj           0%         2d4       95%         2
 Static Discharge         Conj/Air       0%         2-2/arc   95%         2
 Wereblood                Tmut           0%         N/A       95%         2
 Confusing Touch          Hex            0%         N/A       99%         3
 Dazzling Flash           Conj/Hex       0%         N/A       99%         3
 Frozen Ramparts          Ice            0%         1d1       99%         3
 Hailstorm                Conj/Ice       0%         3d3       99%         3
 Ignite Poison            Fire/Tmut/Pois 0%         N/A       99%         3
 Inner Flame              Hex/Fire       0%         N/A       99%         3
 Mephitic Cloud           Conj/Pois/Air  0%         N/A       99%         3
 Ozocubu's Armour         Ice            0%         N/A       99%         3
 Portal Projectile        Hex/Tloc       0%         N/A       99%         3
 Spider Form              Tmut/Pois      0%         N/A       99%         3
 Stone Arrow              Conj/Erth      0%         3d7       99%         3
 Swiftness                Air            0%         N/A       99%         3
 Vhi's Electric Charge    Tloc/Air       0%         N/A       99%         3
 Volatile Blastmotes      Fire/Tloc      0%         2d10      99%         3
 Airstrike                Air            0%         2d(0-16)  100%        4
 Dispel Undead            Necr           0%         3d6       100%        4
 Flame Wave               Conj/Fire      0%         2d4       100%        4
 Fulminant Prism          Conj/Hex       0%         3d5       100%        4
 Ice Form                 Ice/Tmut       0%         N/A       100%        4
 Iskenderun's Mystic Bla  Conj/Tloc      0%         2d3       100%        4
 Leda's Liquefaction      Hex/Erth       0%         N/A       100%        4
 Manifold Assault         Tloc           0%         N/A       100%        4
 Passage of Golubria      Tloc           0%         N/A       100%        4
 Petrify                  Tmut/Erth      0%         N/A       100%        4
 Sticky Flame             Conj/Fire      0%         2d3       100%        4
 Agony                    Necr           0%         N/A       100%        5
 Arcjolt                  Conj/Air       0%         1d10      100%        5
 Blade Hands              Tmut           0%         N/A       100%        5
 Borgnjor's Vile Clutch   Necr/Erth      0%         N/A       100%        5
 Fireball                 Conj/Fire      0%         3d3       100%        5
 Freezing Cloud           Conj/Ice/Air   0%         6-21      100%        5
 Irradiate                Conj/Tmut      0%         3d11      100%        5
 Iskenderun's Battlesphe  Conj           0%         2d6       100%        5
 Lee's Rapid Deconstruct  Erth           0%         3d4*      100%        5
 Metabolic Englaciation   Hex/Ice        0%         N/A       100%        5
 Silence                  Hex/Air        0%         N/A       100%        5
 Yara's Violent Unravell  Hex/Tmut       0%         3d3       100%        5
 Conjure Ball Lightning   Conj/Air       0%         3x3d6     100%        6
 Leda's Unmaking          Conj/Erth      0%         9d1       100%        6
 Plasma Beam              Fire/Air       0%         2x1d10    100%        6
 Starburst                Conj/Fire      0%         6d3       100%        6
 Enfeeble                 Hex            0%         N/A       100%        7
 Orb of Destruction       Conj           0%         9d5       100%        7
 Ozocubu's Refrigeration  Ice            0%         4d7       100%        7
 Storm Form               Tmut/Air       0%         N/A       100%        7
 Borgnjor's Revivificati  Necr           0%         N/A       100%        8
 Ignition                 Fire           0%         3d3       100%        8
 Necromutation            Tmut/Necr      0%         N/A       100%        8
 Chain Lightning          Conj/Air       0%         N/A       100%        9
 Death's Door             Necr           0%         N/A       100%        9
 Sublimation of Blood     Necr           Unusable   N/A       N/A         2
 Call Canine Familiar     Summ           Unusable   N/A       N/A         3
 Summon Guardian Golem    Hex/Summ       Unusable   N/A       N/A         3
 Tukima's Dance           Hex            Unusable   N/A       N/A         3
 Animate Armour           Summ/Erth      Unusable   N/A       N/A         4
 Summon Lightning Spire   Summ/Air       Unusable   N/A       N/A         4
 Simulacrum               Ice/Necr       Unusable   N/A       N/A         6
 Statue Form              Tmut/Erth      Unusable   N/A       N/A         6
 Summon Cactus Giant      Summ           Unusable   N/A       N/A         6
 Malign Gateway           Summ/Tloc      Unusable   N/A       N/A         7
 Spellforged Servitor     Conj/Summ      Unusable   N/A       N/A         7

Dungeon Overview and Level Annotations

Branches:
Dungeon (15/15)            Temple (0/1) D:5            Lair (5/5) D:8
 Shoals (4/4) Lair:2        Snake (4/4) Lair:2        Slime (0/5) Lair:5
    Orc (2/2) D:10            Elf (3/3) Orc:2        Vaults (5/5) D:13
  Crypt (0/3) Vaults:3     Depths (4/4) D:15            Zot (5/5) Depths:4
 Bailey (visited)           IceCv (visited)          WizLab (visited)
Gauntlet (visited)

Altars:
Ashenzari
Cheibriados
Dithmenos
Elyvilon
Fedhas
Gozag
Okawaru
Qazlal
Sif Muna
Trog
Xom
Yredelemnul
The Shining One
Jiyva

Shops:
D:1 (   Orc:2 !==**   Elf:1 [   Shoals:1 (:*[   Snake:4 :=:   Vaults:4 :
Vaults:5 [([?   Zot:4 *   Depths:1 [[   Depths:2 :

Portals:
Hell: Depths:1 Depths:2 Depths:3 Depths:4
Abyss: Depths:3
Pandemonium: Depths:1 Depths:2
Ziggurat: Depths:1
Trove: Elf:1 (give 2 scrolls of acquirement)

Annotations:
Elf:2 3 runed translucent doors
Elf:3 exclusion: orange crystal statue
Zot:1 3 runed translucent doors, Wyzoinim's ghost, legendary GrMo


Innate Abilities, Weirdness & Mutations

You are immune to sickness and miasma.
Your stone body is resilient. (AC +20)
You are immune to poison.
Your large and strong wings let you fly.
You resist negative energy. (rN+)
You are resistant to electric shocks. (rElec)
You are resistant to unholy torment.
You are immune to petrification.
You have large cloven feet.
Your mind is very acute. (Int +8, Str/Dex -2)
You occasionally shout uncontrollably at your foes.
Your spells are easier to cast, but less powerful.


Message History

You slice the Orb Guardian!!
The Orb Guardian is heavily wounded.
You hit the Orb Guardian.
The Orb Guardian is heavily wounded.
You block the Orb Guardian's attack.
You slash the Orb Guardian!
The Orb Guardian is severely wounded.
The Orb Guardian closely misses you.
You chop the Orb Guardian into pieces!!!
You kill the Orb Guardian!
Okawaru accepts your kill.
No target in view!
(D) Dungeon (T) Temple (L) Lair (A) Shoals (P) Snake Pit (M) Slime Pits (O) Orcish Mines (E) Elven Halls (V) Vaults (C) Crypt (U) Depths (H) Hell (Z) Zot
Where to? (* - list waypoints, Enter - D:1 @ (x,y), ? - help)
An Orb Guardian comes into view.
There is a staircase leading out of the dungeon here.
You slash the Orb Guardian!
The Orb Guardian is lightly wounded.
You slash the Orb Guardian!
The Orb Guardian is moderately wounded.
You block the Orb Guardian's attack.
You slash the Orb Guardian!
The Orb Guardian is heavily wounded.
You block the Orb Guardian's attack.
You slice the Orb Guardian!!
The Orb Guardian is severely wounded.
You block the Orb Guardian's attack.
You hit the Orb Guardian.
The Orb Guardian is severely wounded.
You slash the Orb Guardian!
The Orb Guardian is almost dead.
You block the Orb Guardian's attack.
You slice the Orb Guardian!!
You kill the Orb Guardian!
Okawaru accepts your kill.
Enter note: woot!
You have escaped!

.#####.#####.#.............##.###
## #.# #.#.###.#.#...####.# #
##.## #.#.....#.#...####.# #
#...# ###.#.#.###........# #
#...# #.........#.########
#...####.#.#.#.#.#########
#####...#......#.#.....).....#
#........#.#.###.###.#.#.....#
.........#......@......#.....#
#........#.#.###.###.#.#.....# ##
#####..........#[#...........# #.
# #...####.#.#.#.#.######### #. #
#.>.# #.........# #. # #.÷.#
###.#.#.#### #. ## ##.##
#.....#..##########. .# #.#
#.###.##..........#. .###
#.#######################.#.


There were no monsters in sight!

Vanquished Creatures
  10 dread liches
  A pandemonium lord (Depths:1)
  Mennas (Vaults:3)
  4 ancient liches (Zot:5)
  7 orbs of fire
  The ghost of skelma the Demonic Blade, a veteran DsMo of Okawaru (Zot:4)
  3 Killer Klowns
  2 curse toes
  Bai Suzhen (Arena)
  Margery (Vaults:4)
  A caustic shrike (Depths:4)
  10 golden dragons
  2 electric golems (Zot:5)
  An iron giant (shapeshifter) (Zot:1)
  The ghost of Ler Ylut the Slayer, an adept HOMo of the Shining One (Vaults:4)
  16 tentacled monstrosities
  27 Orb Guardians
  An Ice Fiend (Zot:5)
  2 deep elf blademasters (Elf:3)
  2 liches
  6 deep elf master archers
  3 walking earthen tomes
  Asterion (Vaults:3)
  2 walking frostbound tomes
  2 walking divine tomes (Depths:4)
  6 titans
  12 quicksilver dragons
  8 sphinxes
  9 tengu reavers
  A kraken (Shoals:4)
  7 death cobs
  The ghost of Lihit the Maledictor, an adept VSEn of Zin (Elf:1)
  Agnes (D:14)
  21 storm dragons
  2 thorn hunters (WizLab)
  12 shadow dragons
  5 nagarajas
  The ghost of Hup Xekk the Warrior, an adept GrFi of Jiyva (Elf:1)
  The ghost of Kerestru the Warrior, an adept GrFi of Jiyva (Elf:1)
  Kirke (Lair:5)
  11 draconian monks
  An azure jelly (Vaults:4)
  3 fenstrider witches (WizLab)
  8 fire giants
  10 frost giants
  5 draconian knights
  2 balrugs (Depths:1)
  An iron dragon (Depths:2)
  3 ghost moths
  26 vault wardens
  8 draconian scorchers
  Aizul (Vaults:4)
  The ghost of Onkax the Marksspriggan, an adept SpHu of Okawaru (Elf:1)
  The ghost of Onkax the Marksspriggan, an adept SpHu of Okawaru (Elf:2)
  2 deep elf sorcerers
  3 draconian shifters
  2 draconian stormcallers
  A reaper (D:14)
  2 orc warlords
  6 spriggan defenders
  9 draconian annihilators
  A quicksilver ooze (Vaults:4)
  18 ironbound preservers
  6 formless jellyfish
  2 vampire knights
  7 ironbound thunderhulks
  3 war gargoyles
  Nessos (D:13)
  12 black draconians
  The ghost of Okumeckomei the Blinker, a journeyman FeWn of Dithmenos (Elf:1)
  The ghost of Tijoc the Blinker, a journeyman FeWn of Dithmenos (Elf:1)
  29 very ugly things
  22 stone giants
  17 green draconians
  10 deep elf demonologists
  2 eleionomae (WizLab)
  12 red draconians
  8 deep elf annihilators
  7 yellow draconians
  Azrael (Snake:3)
  A red draconian (shapeshifter) (Zot:1)
  9 white draconians
  A minotaur (Gauntlet)
  12 purple draconians
  A white draconian (shapeshifter) (Zot:1)
  6 dire elephants
  10 spark wasps
  A green death (D:1)
  7 deep elf death magi
  An eidolon (Vaults:3)
  20 ettins
  8 fire dragons
  Josephine (Orc:2)
  3 merfolk javelineers
  10 merfolk impalers
  3 deep elf high priests
  4 crystal guardians
  5 rakshasas
  An entropy weaver (Vaults:2)
  3 shambling mangroves (WizLab)
  A great orb of eyes (shapeshifter) (Depths:2)
  A spriggan zombie (Depths:3)
  10 great orbs of eyes
  Harold (D:9)
  15 yaktaur captains
  2 salamander tyrants (Snake:4)
  11 merfolk avatars
  9 ice dragons
  8 spriggan air magi
  3 catoblepae
  7 hydras
  12 anacondas
  An ogre mage (D:12)
  3 peacekeepers
  24 centaur warriors
  39 vault guards
  An anaconda (shapeshifter) (Vaults:5)
  11 ironbound frosthearts
  3 death knights
  4 merfolk aquamancers
  A spriggan skeleton (Depths:3)
  The ghost of Ijustatesigmund the Tainter, a journeyman OpVM of Cheibriados (Lair:1)
  2 alligator snapping turtles
  8 two-headed ogres
  2 death yaks (shapeshifter) (Zot:1)
  4 satyrs
  19 naga warriors
  2 vampire magi
  15 dancing weapons
  4 deep troll earth magi
  6 boulder beetles
  19 death yaks
  7 deep troll shamans
  5 tengu warriors
  12 naga sharpshooters
  8 spriggan berserkers
  2 orc high priests
  6 sun demons (Depths:1)
  A shock serpent (Snake:3)
  12 hell knights
  Sonja (Lair:5)
  Urug (Orc:2)
  2 spriggans (Depths:2)
  10 deep elf knights
  14 skysharks
  4 salamander mystics
  4 skeletal warriors
  4 iron trolls
  2 orb spiders (Zot:1)
  33 deep trolls
  A shadow demon (Zot:2)
  13 sea snakes
  25 deep elf archers
  5 wizards
  A deep troll (shapeshifter) (Depths:4)
  12 naga ritualists
  A glowing orange brain (Vaults:4)
  30 deep elf zephyrmancers
  A golden dragon skeleton (Depths:3)
  A flayed ghost (Depths:3)
  7 necromancers
  24 ironbound convokers
  7 orc knights
  6 harpies
  33 deep elf pyromancers
  3 phantasmal warriors (Vaults:5)
  A shining eye (shapeshifter) (Vaults:4)
  2 lindwurms
  A wolf spider (shapeshifter) (Vaults:5)
  2 orc sorcerers
  36 ugly things
  2 oklob plants (WizLab)
  A shining eye (Vaults:4)
  19 mana vipers
  10 fauns
  13 elephants
  Maurice (D:13)
  21 moths of wrath
  24 manticores
  12 salamanders
  11 cyclopes
  An apocalypse crab (Zot:1)
  A rust devil (Zot:5)
  9 merfolk sirens
  2 torpor snails
  11 water nymphs
  50 black mambas
  An eye of devastation (Vaults:4)
  8 naga magi
  A gargoyle (D:12)
  16 guardian serpents
  8 cane toads
  8 komodo dragons
  A minotaur zombie (Gauntlet)
  3 unseen horrors
  36 yaktaurs
  19 vault sentinels
  3 orange demons
  3 kobold demonologists
  3 freezing wraiths
  8 rime drakes
  An ice devil (Zot:2)
  An efreet (D:14)
  4 tengu conjurers
  39 merfolk
  11 wind drakes
  A golden dragon simulacrum (Depths:3)
  2 polar bears
  A wind drake (shapeshifter) (Vaults:5)
  5 trolls
  Grinder (D:4)
  2 harpy zombies (Zot:1)
  7 hornets
  An iron dragon simulacrum (Depths:3)
  4 dream sheep (Shoals:2)
  A blink frog (shapeshifter) (D:11)
  14 blink frogs
  2 raiju (Zot:1)
  5 snapping turtles
  23 slime creatures
  2 centaur simulacra (Gauntlet)
  3 shadows
  2 air elementals (Elf:1)
  17 water elementals
  2 vampires (D:12)
  51 yaks
  The ghost of mmBingo the Chopper, an amateur MiMo (D:4)
  Eustachio (D:5)
  3 hogs (Lair:5)
  3 wyverns
  10 wraiths
  5 basilisks
  4 fire elementals
  4 vampire mosquitoes (D:12)
  A chaos spawn (Zot:5)
  A steam dragon (D:8)
  47 nagas
  3 wargs
  4 acid dragons (D:12)
  4 hell hounds (Snake:3)
  A hydra simulacrum (Gauntlet)
  A swamp worm (shapeshifter) (D:12)
  8 water moccasins
  A floating eye (shapeshifter) (Vaults:5)
  4 floating eyes
  An ice beast (D:5)
  42 orc warriors
  5 black bears
  6 ogres
  17 wolves
  3 boggarts
  3 sky beasts
  23 centaurs
  4 phantoms
  3 kobold brigands
  A gnoll sergeant (D:9)
  5 bullfrogs
  4 scorpions
  2 earth elementals (Elf:2)
  5 wights
  3 killer bees
  10 electric eels
  10 howler monkeys
  5 hounds
  5 jellies
  18 orc priests
  3 sleepcaps
  4 gnoll boudas
  Jessica (D:2)
  5 iguanas
  Ijyb (D:3)
  Natasha (thrice) (D:3 D:4)
  17 orc wizards
  10 hell rats
  A troll simulacrum (IceCv)
  25 gnolls
  10 adders
  4 shadow imps
  2 white imps
  2 worms (D:2)
  3 dart slugs
  88 orcs
  3 bats
  10 endoplasms
  A giant cockroach (D:1)
  7 goblins
  6 hobgoblins
  2 quokkas
  7 ball pythons
  A frilled lizard (D:1)
  20 kobolds
  4 rats
  A spectral weapon (Vaults:3)
  3 tentacles (Shoals:4)
2191 creatures vanquished.

Vanquished Creatures (others)
  A shadow dragon (Vaults:5)
  2 draconian knights
  A ghost moth (Zot:4)
  An anaconda (Snake:3)
  A naga sharpshooter (WizLab)
  A deep elf knight (Elf:3)
  A deep elf pyromancer (Elf:3)
  A cyclops (D:12)
  A black mamba (Snake:3)
  A naga (Snake:3)
  An orc (Orc:2)
  11 tentacles (Shoals:4)
23 creatures vanquished.

Grand Total: 2214 creatures vanquished

Notes
Turn   | Place    | Note
-------+----------+-------------------------------------------
     0 | D:1      | FullyGoyle the Gargoyle Fighter began the quest for the
                  | Orb.
     0 | D:1      | Reached XP level 1. HP: 14/14 MP: 1/1
   234 | D:1      | Reached XP level 2. HP: 15/19 MP: 2/2
   309 | D:1      | Found a faded altar of an unknown god.
   371 | D:1      | Found Mecwashraru's Antique Weapon Emporium.
   640 | D:2      | Noticed Jessica
   651 | D:1      | Reached XP level 3. HP: 22/23 MP: 3/3
   694 | D:2      | Killed Jessica
   695 | D:2      | Reached XP level 4. HP: 14/28 MP: 4/4
  1189 | D:3      | Noticed Ijyb
  1200 | D:3      | Killed Ijyb
  1475 | D:3      | Noticed Natasha
  1497 | D:3      | Killed Natasha
  1498 | D:3      | Reached XP level 5. HP: 21/32 MP: 5/5
  1583 | D:3      | Noticed Natasha
  1680 | D:4      | Killed Natasha
  1761 | D:3      | Identified the +6 dagger "Ashrol" {drain, rPois}
  1780 | D:3      | Reached skill level 5 in Axes
  1919 | D:3      | Found an iron altar of Okawaru.
  1924 | D:3      | Became a worshipper of Warmaster Okawaru
  2360 | D:3      | Found an iron altar of Okawaru.
  2705 | D:4      | Noticed Grinder
  2720 | D:4      | Killed Grinder
  2721 | D:4      | Reached skill level 1 in Invocations
  2721 | D:4      | Reached XP level 6. HP: 20/37 MP: 6/6
  2856 | D:4      | Noticed Natasha
  2925 | D:4      | Found a runed translucent gate.
  2925 | D:4      | Found a runed translucent gate.
  2925 | D:4      | Found a runed translucent gate.
  2926 | D:4      | Found an opulent altar of Gozag.
  2927 | D:4      | Noticed mmBingo's ghost (amateur MiMo)
  2940 | D:4      | Noticed Eustachio
  2963 | D:5      | Entered Level 5 of the Dungeon
  3066 | D:4      | Reached XP level 7. HP: 16/41 MP: 6/8
  3311 | D:4      | Killed Natasha
  3644 | D:4      | Reached * piety under Okawaru
  4031 | D:5      | Killed Eustachio
  4032 | D:5      | Reached skill level 4 in Fighting
  4032 | D:5      | Reached XP level 8. HP: 35/48 MP: 7/9
  4149 | D:5      | Reached skill level 1 in Dodging
  4841 | D:5      | Found a staircase to the Ecumenical Temple.
  5018 | D:5      | Reached XP level 9. HP: 41/52 MP: 9/11
  5800 | D:6      | Reached ** piety under Okawaru
  5833 | D:6      | Found a basalt altar of Yredelemnul.
  6214 | D:7      | Found a stormy altar of Qazlal.
  6296 | D:7      | Found a flagged portal.
  6320 | D:7      | Reached skill level 5 in Fighting
  6351 | Bailey   | Entered a bailey
  6653 | Bailey   | Reached skill level 10 in Axes
  6798 | Bailey   | Reached skill level 5 in Armour
  6901 | Bailey   | Reached skill level 5 in Invocations
  6901 | Bailey   | Reached XP level 10. HP: 32/59 MP: 13/13
  7127 | D:7      | Found a snail-covered altar of Cheibriados.
  7127 | D:7      | Found a white marble altar of Elyvilon.
  7484 | D:7      | Reached skill level 5 in Shields
  7652 | D:7      | Found a shadowy altar of Dithmenos.
  7933 | D:8      | Found a staircase to the Lair.
  8056 | D:8      | Reached *** piety under Okawaru
  8891 | D:9      | Noticed a kobold demonologist
  8903 | D:9      | Noticed a sixfirhy
  8913 | D:9      | Killed a kobold demonologist
  9201 | D:9      | Noticed a two-headed ogre
  9225 | D:9      | Killed a two-headed ogre
  9225 | D:9      | Reached **** piety under Okawaru
  9623 | D:9      | Found a broken altar of Ashenzari.
  9643 | D:9      | Noticed Harold
  9663 | D:9      | Killed Harold
  9664 | D:9      | Reached skill level 6 in Fighting
  9664 | D:9      | Reached XP level 11. HP: 52/64 MP: 13/15
 10377 | Lair:1   | Entered Level 1 of the Lair of Beasts
 10489 | Lair:1   | Noticed a skyshark
 10494 | Lair:1   | Noticed a death yak
 10496 | Lair:1   | Noticed a death yak
 10500 | Lair:1   | Noticed a death yak
 10502 | Lair:1   | Noticed a death yak
 10505 | Lair:1   | Noticed a death yak
 10532 | Lair:1   | Killed a death yak
 10544 | Lair:1   | Killed a death yak
 10569 | D:8      | Killed a death yak
 10739 | D:8      | Killed a death yak
 10748 | D:8      | Killed a death yak
 10807 | D:8      | Reached ***** piety under Okawaru
 10809 | D:8      | Killed a skyshark
 10931 | Lair:1   | Reached XP level 12. HP: 57/71 MP: 17/17
 10937 | Lair:1   | Identified the +2 hat of Zudus {Int+2} (Okawaru gifted it
                  | to you on level 1 of the Lair of Beasts)
 10937 | Lair:1   | Received a gift from Okawaru
 11051 | Lair:1   | Reached skill level 8 in Fighting
 11051 | Lair:1   | Reached skill level 5 in Dodging
 11051 | Lair:1   | Reached XP level 13. HP: 79/79 MP: 18/18
 11083 | Lair:1   | Noticed Ijustatesigmund's ghost (journeyman OpVM)
 11084 | Lair:1   | Found a transporter.
 11438 | Lair:1   | Reached skill level 9 in Fighting
 11891 | Lair:1   | Found a transporter.
 12693 | Lair:2   | Reached skill level 10 in Armour
 13066 | Lair:2   | Found a runed translucent door.
 13134 | Lair:2   | Found a staircase to the Snake Pit.
 13460 | Lair:2   | Found a staircase to the Shoals.
 13832 | Lair:2   | Identified the +4 hand axe "Alauchu" {venom, rPois rC-
                  | Dex+2} (Okawaru gifted it to you on level 2 of the Lair of
                  | Beasts)
 13832 | Lair:2   | Received a gift from Okawaru
 14060 | Lair:2   | Reached skill level 10 in Fighting
 14117 | Lair:2   | Gained mutation: Your large and strong wings let you fly.
                  | [Gargoyle growth]
 14117 | Lair:2   | Reached XP level 14. HP: 64/88 MP: 20/20
 14121 | Lair:2   | Identified the staff of fire "Asoidiex" {rPois rF+ Dex+4
                  | SInv}
 14123 | Lair:2   | Identified the +1 robe of the Gusle {rF- MP+9 Int+7 Stlth+}
 14745 | Lair:3   | You are sucked into a shaft and drop 2 floors!
 14745 | Lair:5   | Entered Level 5 of the Lair of Beasts
 15561 | Lair:4   | Reached skill level 15 in Axes
 16121 | Lair:5   | Reached skill level 11 in Fighting
 16241 | Lair:5   | Noticed Sonja
 16310 | Lair:5   | Killed Sonja
 16310 | Lair:5   | Identified the +1 helmet of Shadows and Fog {*Corrode Str+3
                  | Int+9 Stlth+} (Okawaru gifted it to you on level 5 of the
                  | Lair of Beasts)
 16310 | Lair:5   | Received a gift from Okawaru
 16451 | Lair:5   | Noticed Kirke
 16609 | Lair:5   | Killed Kirke
 16658 | Lair:5   | Found a viscous altar of Jiyva.
 16694 | Lair:5   | Found a staircase to the Slime Pits.
 17203 | Lair:5   | Noticed a dire elephant
 17314 | Lair:5   | Killed a dire elephant
 17619 | Lair:5   | Reached XP level 15. HP: 87/95 MP: 18/21
 17641 | Lair:5   | Identified the +1 helmet of Courage {rN+ Int+2 Stlth-}
 17813 | D:10     | Entered Level 10 of the Dungeon
 17813 | D:10     | Found a staircase to the Orcish Mines.
 18712 | D:10     | Found a stormy altar of Qazlal.
 18739 | D:10     | Found a shimmering altar of Xom.
 18739 | D:10     | Found a shadowy altar of Dithmenos.
 18741 | D:10     | Found a shimmering altar of Xom.
 18741 | D:10     | Found a glowing golden altar of the Shining One.
 18741 | D:10     | Found a blossoming altar of Fedhas.
 18894 | D:11     | Found a frozen archway.
 18918 | IceCv    | Entered an ice cave
 19223 | D:11     | Found a gate leading to a gauntlet.
 19276 | Gauntlet | Entered a Gauntlet
 19276 | Gauntlet | Found a transporter.
 19276 | Gauntlet | Found a transporter.
 19276 | Gauntlet | Found a transporter.
 19280 | Gauntlet | Found a transporter.
 19306 | Gauntlet | Found a transporter.
 19318 | Gauntlet | Found a transporter.
 19339 | Gauntlet | Found a transporter.
 19351 | Gauntlet | Found a transporter.
 19360 | Gauntlet | Found a transporter.
 19382 | Gauntlet | Found a transporter.
 19388 | Gauntlet | Found a transporter.
 19407 | Gauntlet | Found a transporter.
 19504 | Gauntlet | Identified the +2 cloak of Gerchyschy {+Inv rN+ Stlth+}
 19580 | Gauntlet | Identified the +4 war axe "Deoc" {heavy, Drain rC+ Str+3}
 19596 | Gauntlet | Identified the ring "Huorrade" {Ice Str+2}
 19596 | Gauntlet | Identified the staff of air "Cuin" {rElec rPois}
 20573 | D:11     | Reached skill level 12 in Fighting
 20998 | D:12     | Found a runed translucent door.
 21000 | D:12     | Found a runed translucent door.
 21000 | D:12     | Found a runed translucent door.
 21383 | D:12     | Paralysed by an ogre mage for 5 turns
 21417 | D:12     | Identified the +7 lajatang of the Traitor {heavy, rPois
                  | MP+9 Int-3 Dex-3}
 21758 | Orc:1    | Entered Level 1 of the Orcish Mines
 21953 | Orc:2    | Entered Level 2 of the Orcish Mines
 21982 | Orc:2    | Paralysed by an orc sorcerer for 3 turns
 22267 | Orc:2    | Found Asyrrain's Distillery.
 22384 | Orc:1    | Reached skill level 10 in Invocations
 22572 | Orc:2    | Found a staircase to the Elven Halls.
 22828 | Orc:2    | Noticed Josephine
 22852 | Orc:2    | Killed Josephine
 22943 | Orc:2    | Reached XP level 16. HP: 103/103 MP: 23/23
 22953 | Orc:2    | Noticed Urug
 22960 | Orc:2    | Killed Urug
 22970 | Orc:2    | Reached skill level 10 in Shields
 23191 | Orc:2    | Found Kunaog Biowk's General Store.
 23191 | Orc:2    | Found Meffomui's Jewellery Shop.
 23191 | Orc:2    | Found Pesch's Jewellery Boutique.
 23194 | Orc:2    | Found Hokluschu's General Store.
 23631 | D:13     | Received a gift from Okawaru
 23644 | D:13     | Found a gate to the Vaults.
 23744 | D:13     | Noticed Nessos
 23748 | D:13     | Reached ****** piety under Okawaru
 23751 | D:13     | Reached skill level 13 in Fighting
 23753 | D:13     | Killed Nessos
 23810 | D:13     | Noticed Maurice
 23837 | D:13     | Killed Maurice
 24099 | D:12     | Identified the +9 broad axe "Xedghim" {venom, rC+ Dex+3}
                  | (Okawaru gifted it to you on level 12 of the Dungeon)
 24099 | D:12     | Received a gift from Okawaru
 24784 | D:14     | Reached skill level 1 in Throwing
 25139 | D:14     | Received a gift from Okawaru
 25343 | D:15     | Entered Level 15 of the Dungeon
 25429 | D:15     | Noticed Agnes
 25444 | D:14     | Killed Agnes
 25758 | D:15     | Found a staircase to the Depths.
 26316 | Snake:1  | Entered Level 1 of the Snake Pit
 26325 | Snake:1  | Reached XP level 17. HP: 105/110 MP: 24/24
 26570 | Snake:1  | Received a gift from Okawaru
 26646 | Snake:1  | Reached skill level 14 in Fighting
 27364 | Snake:2  | Received a gift from Okawaru
 28609 | Snake:3  | Noticed Azrael
 28616 | Snake:3  | Killed Azrael
 28866 | Snake:4  | Entered Level 4 of the Snake Pit
 29099 | Snake:4  | Identified the scarf of Haelaav {+Inv, Drain rPois rN+}
                  | (Okawaru gifted it to you on level 4 of the Snake Pit)
 29099 | Snake:4  | Received a gift from Okawaru
 29122 | Snake:4  | Reached XP level 18. HP: 96/117 MP: 21/25
 29435 | Snake:4  | Found Matytirr's Book Shop.
 29436 | Snake:4  | Found Liculanept's Jewellery Emporium.
 29437 | Snake:4  | Found Vydghuq Ism's Book Shop.
 30067 | Snake:4  | Reached skill level 15 in Fighting
 30826 | Snake:4  | Got a serpentine rune of Zot
 31056 | Shoals:1 | Entered Level 1 of the Shoals
 31253 | Shoals:1 | Found Leckiuz's Armour Shoppe.
 31257 | Shoals:1 | Bought a +2 helmet of see invisible for 279 gold pieces
 31409 | Elf:1    | Entered Level 1 of the Elven Halls
 31412 | Elf:1    | Found Egaluut's Antique Armour Shoppe.
 31430 | Elf:1    | Identified the +7 quarterstaff "Hellblazer" {freeze, MP+9
                  | Dex+3} (Okawaru gifted it to you on level 1 of the Elven
                  | Halls)
 31430 | Elf:1    | Received a gift from Okawaru
 31444 | Elf:1    | Reached skill level 5 in Throwing
 31500 | Elf:1    | Found a shimmering blue altar of Sif Muna.
 31549 | Elf:1    | Paralysed by an air elemental for 1 turns
 31772 | Elf:1    | Found a huge runed gate.
 31772 | Elf:1    | Found a huge runed gate.
 31772 | Elf:1    | Found a huge runed gate.
 31772 | Elf:1    | Found a huge runed gate.
 31773 | Elf:1    | Found a huge runed gate.
 31774 | Elf:1    | Found a huge runed gate.
 31774 | Elf:1    | Found a huge runed gate.
 31774 | Elf:1    | Found a huge runed gate.
 31775 | Elf:1    | Found a huge runed gate.
 31776 | Elf:1    | Found a huge runed gate.
 31777 | Elf:1    | Found a huge runed gate.
 31778 | Elf:1    | Found a huge runed gate.
 31780 | Elf:1    | Found a huge runed gate.
 31791 | Elf:1    | Found a huge runed gate.
 31791 | Elf:1    | Found a huge runed gate.
 31791 | Elf:1    | Found a huge runed gate.
 31791 | Elf:1    | Found a huge runed gate.
 31792 | Elf:1    | Found a huge runed gate.
 31793 | Elf:1    | Found a huge runed gate.
 31794 | Elf:1    | Found a huge runed gate.
 31823 | Elf:1    | Found a huge runed gate.
 31824 | Elf:1    | Found a huge runed gate.
 31824 | Elf:1    | Found a huge runed gate.
 31824 | Elf:1    | Found a huge runed gate.
 31825 | Elf:1    | Found a huge runed gate.
 31826 | Elf:1    | Found a huge runed gate.
 31828 | Elf:1    | Found a huge runed gate.
 31829 | Elf:1    | Found a huge runed gate.
 31849 | Elf:1    | Found a huge runed gate.
 31850 | Elf:1    | Found a huge runed gate.
 31850 | Elf:1    | Found a huge runed gate.
 31858 | Elf:1    | Found a huge runed gate.
 31858 | Elf:1    | Found a huge runed gate.
 31858 | Elf:1    | Found a huge runed gate.
 31858 | Elf:1    | Found a huge runed gate.
 31858 | Elf:1    | Found a huge runed gate.
 31932 | Elf:1    | Reached skill level 15 in Shields
 31964 | Elf:1    | Found a portal to a secret trove of treasure.
 32139 | Elf:1    | Got Xialaara's Commentary on the Impact
 32324 | Elf:2    | Reached XP level 19. HP: 125/125 MP: 26/26
 32471 | Elf:2    | Received a gift from Okawaru
 32482 | Elf:2    | Reached skill level 16 in Fighting
 32561 | Elf:2    | Reached skill level 10 in Dodging
 32724 | Elf:2    | Received a gift from Okawaru
 32819 | Elf:2    | Found a runed translucent gate.
 32820 | Elf:2    | Found a runed translucent gate.
 32820 | Elf:2    | Found a runed translucent gate.
 32883 | Elf:2    | Reached skill level 15 in Armour
 33120 | Elf:1    | Noticed Onkax's ghost (adept SpHu)
 33120 | Elf:1    | Noticed Onkax's ghost (adept SpHu)
 33120 | Elf:1    | Noticed Okumeckomei's ghost (journeyman FeWn)
 33120 | Elf:1    | Noticed Tijoc's ghost (journeyman FeWn)
 33120 | Elf:1    | Noticed Lihit's ghost (adept VSEn)
 33121 | Elf:1    | Noticed Kerestru's ghost (adept GrFi)
 33137 | Elf:1    | Noticed Hup Xekk's ghost (adept GrFi)
 33139 | Abyss:3  | Found a corrupted altar of Lugonu.
 33139 | Abyss:3  | Cast into level 3 of the Abyss (Lihit's ghost)
 33144 | Elf:1    | Escaped the Abyss
 33154 | Elf:2    | Paralysed by an air elemental for 1 turns
 33273 | Elf:1    | Identified the +12 tower shield "Sualom" {Will+ Int+2 SInv
                  | Stlth+} (Okawaru gifted it to you on level 1 of the Elven
                  | Halls)
 33273 | Elf:1    | Received a gift from Okawaru
 33312 | Elf:1    | Killed Tijoc's ghost
 33347 | Elf:1    | Killed Okumeckomei's ghost
 33373 | Elf:1    | Killed Hup Xekk's ghost
 33455 | Elf:1    | Identified the ring "Wuetry" {rPois rN+ Slay+4}
 33457 | Elf:1    | Identified the +10 sling of Crystal {flame, rElec Str+8
                  | Int+5 Stlth-}
 33697 | Elf:1    | Killed Lihit's ghost
 33712 | Elf:1    | Killed Kerestru's ghost
 33716 | Elf:1    | Killed Onkax's ghost
 33763 | Elf:2    | Killed Onkax's ghost
 33873 | Elf:3    | Entered Level 3 of the Elven Halls
 34759 | Elf:3    | Noticed a Hell Sentinel
 35282 | Elf:3    | Received a gift from Okawaru
 35299 | Elf:3    | Reached skill level 17 in Fighting
 35482 | Elf:3    | Identified the +4 battleaxe of Extinguishment {freeze,
                  | *Rage rElec Str+4}
 35509 | Elf:3    | Reached XP level 20. HP: 125/134 MP: 21/27
 35523 | Elf:3    | Identified the ring "Ivyixkorgh" {rF- rN+ Str+3 Dex+5}
 35573 | Elf:3    | Got Iskenderun's Compendium of the Impact
 35581 | Elf:3    | Got the Atlas of the Allied Valley
 35598 | Elf:3    | Identified the +4 whip "Esesaowo" {venom, Contam +Blink
                  | rC+++ Int-4}
 36057 | Shoals:1 | Found Roqaom's Book Shop.
 36248 | Shoals:1 | Found Elogoill's General Store.
 36264 | Shoals:1 | Bought a potion of might for 72 gold pieces
 36419 | Shoals:1 | Found Binar's Weapon Shop.
 36692 | Shoals:2 | Reached skill level 1 in Ranged Weapons
 37736 | Shoals:3 | Identified the scarf of the Trombone {shadows, rF+ rC+}
                  | (Okawaru gifted it to you on level 3 of the Shoals)
 37736 | Shoals:3 | Received a gift from Okawaru
 38742 | Shoals:4 | Entered Level 4 of the Shoals
 39378 | Shoals:4 | Got a barnacled rune of Zot
 39708 | Shoals:4 | Received a gift from Okawaru
 39864 | Shoals:4 | Identified the +9 flail of the Riding Gods {drain, +Blink
                  | Stlth+}
 40154 | Shoals:4 | Received a gift from Okawaru
 40864 | D:4      | Killed mmBingo's ghost
 41033 | Lair:1   | Killed Ijustatesigmund's ghost
 41278 | D:12     | Identified the +1 ring mail "Agablag" {rN+ rCorr}
 41577 | Vaults:1 | Entered Level 1 of the Vaults
 41582 | Vaults:1 | Reached XP level 21. HP: 140/140 MP: 28/28
 41588 | Vaults:1 | Received a gift from Okawaru
 41629 | Vaults:1 | Reached skill level 18 in Fighting
 41940 | Vaults:1 | Identified the +0 cloak "Esa Siano" {Will- Str+3 Int+2
                  | Dex+2} (Okawaru gifted it to you on level 1 of the Vaults)
 41940 | Vaults:1 | Received a gift from Okawaru
 42251 | Vaults:1 | You are sucked into a shaft and drop 1 floor!
 42361 | Vaults:2 | Noticed Bai Suzhen
 42363 | Arena    | Entered the Arena
 42379 | Arena    | Killed Bai Suzhen
 42727 | Vaults:1 | Reached skill level 5 in Ranged Weapons
 43150 | Vaults:1 | Identified the +3 plate armour of Unambiguity {rElec rC++
                  | Str+3 Dex-5}
 43757 | Vaults:2 | Received a gift from Okawaru
 44317 | Vaults:3 | Noticed Mennas
 44349 | Vaults:3 | Killed Mennas
 44349 | Vaults:3 | Received a gift from Okawaru
 44350 | Vaults:3 | Reached skill level 19 in Fighting
 44356 | Vaults:3 | Reached XP level 22. HP: 117/149 MP: 24/29
 44525 | Vaults:3 | Found a magical portal.
 44549 | WizLab   | Entered Eringya's Formal Garden
 44976 | WizLab   | Identified the +0 chain mail "Niaqae" {rN+} (Okawaru gifted
                  | it to you in a wizard's laboratory)
 44976 | WizLab   | Received a gift from Okawaru
 45190 | WizLab   | Found a blossoming altar of Fedhas.
 46076 | Vaults:3 | Noticed Asterion
 46088 | Vaults:3 | Killed Asterion
 46205 | Vaults:3 | Noticed a dread lich
 46223 | Vaults:3 | Gained mutation: Your magical capacity is low. (-10% MP) [a
                  | cacodemon]
 46225 | Vaults:3 | Reached skill level 20 in Fighting
 46225 | Vaults:3 | Killed a dread lich
 46520 | Vaults:3 | Found a staircase to the Crypt.
 46765 | Vaults:4 | Found Kudats's Book Shoppe.
 47117 | Vaults:4 | Noticed Margery
 47134 | Vaults:4 | Killed Margery
 47134 | Vaults:4 | Received a gift from Okawaru
 47314 | Vaults:4 | Found the +5 glaive of the Guard {elec, spectral, AC+5}
 47562 | Vaults:4 | Reached XP level 23. HP: 159/159 MP: 27/27
 47695 | Vaults:4 | Reached skill level 21 in Fighting
 47724 | Vaults:4 | Found a runed translucent gate.
 47724 | Vaults:4 | Found a runed translucent gate.
 47724 | Vaults:4 | Found a runed translucent gate.
 47725 | Vaults:4 | Noticed Ler Ylut's ghost (adept HOMo)
 47788 | Vaults:4 | Noticed Aizul
 47808 | Vaults:4 | Killed Aizul
 48209 | Vaults:4 | Gained mutation: You sometimes lose your temper in combat.
                  | [a shining eye]
 48229 | Vaults:4 | Killed Ler Ylut's ghost
 48232 | Vaults:4 | Found a viscous altar of Jiyva.
 48597 | Depths:1 | Entered Level 1 of the Depths
 48669 | Depths:1 | Received a gift from Okawaru
 48725 | Depths:1 | Found a one-way gateway to a ziggurat.
 48804 | Depths:1 | Found Xanytutiss's Armour Shop.
 48807 | Depths:1 | Found Jenn's Antique Armour Shop.
 48828 | Depths:1 | Bought a diamond-encrusted chain mail for 275 gold pieces
 48828 | Depths:1 | Identified the +8 chain mail of Wariness {Harm Int+5} (You
                  | bought it in a shop on level 1 of the Depths)
 48857 | Depths:1 | Found a blossoming altar of Fedhas.
 48979 | Depths:1 | Found a gateway to Hell.
 49089 | Depths:1 | Found a one-way gate leading to the halls of Pandemonium.
 49094 | Depths:1 | Received a gift from Okawaru
 49348 | Depths:2 | Found Tiewer's Self-Improvement Boutique.
 49522 | Depths:2 | Reached skill level 22 in Fighting
 49533 | Depths:2 | Noticed a golden dragon
 49546 | Depths:2 | Paralysed by a floating eye for 4 turns
 49572 | Depths:2 | Killed a golden dragon
 49580 | Depths:2 | Paralysed by a floating eye for 3 turns
 50087 | Depths:2 | Identified the +0 orcbow of the Yoke {freeze, Drain rC+
                  | rCorr Str+2}
 51254 | Depths:3 | Reached XP level 24. HP: 163/169 MP: 28/28
 51296 | Depths:3 | Received a gift from Okawaru
 51418 | Depths:3 | Received a gift from Okawaru
 51539 | Depths:3 | Received a gift from Okawaru
 51713 | Depths:3 | Reached skill level 23 in Fighting
 52339 | Depths:3 | Found a one-way gate to the infinite horrors of the Abyss.
 52508 | Depths:4 | Entered Level 4 of the Depths
 52672 | Depths:4 | Paralysed by a floating eye for 3 turns
 52703 | Depths:4 | Identified the +7 chain mail of the Cockatrice {rPois
                  | Will+} (Okawaru gifted it to you on level 4 of the Depths)
 52703 | Depths:4 | Received a gift from Okawaru
 53362 | Depths:4 | Found a gate to the Realm of Zot.
 53544 | Depths:4 | Noticed a caustic shrike
 53558 | Depths:4 | Killed a caustic shrike
 54598 | Orc:2    | Bought a potion of ambrosia for 128 gold pieces
 54598 | Orc:2    | Bought a potion of curing for 48 gold pieces
 54598 | Orc:2    | Bought 2 potions of might for 128 gold pieces
 54598 | Orc:2    | Bought a potion of curing for 48 gold pieces
 54598 | Orc:2    | Bought a potion of curing for 48 gold pieces
 54659 | Orc:2    | Bought 3 scrolls of teleportation for 126 gold pieces
 54659 | Orc:2    | Bought a scroll of enchant weapon for 105 gold pieces
 54928 | Vaults:5 | Entered Level 5 of the Vaults
 54952 | Vaults:5 | Reached XP level 25. HP: 178/178 MP: 27/28
 54956 | Vaults:5 | Received a gift from Okawaru
 55002 | Vaults:5 | Noticed a dread lich
 55006 | Vaults:5 | Received a gift from Okawaru
 55022 | Vaults:5 | Killed a dread lich
 55031 | Vaults:5 | Identified the +4 broad axe of the Sneaky Tables {pain,
                  | rPois Dex+7} (Okawaru gifted it to you on level 5 of the
                  | Vaults)
 55031 | Vaults:5 | Received a gift from Okawaru
 55032 | Vaults:5 | Reached skill level 24 in Fighting
 55089 | Vaults:5 | Noticed a dread lich
 55109 | Vaults:5 | Killed a dread lich
 55129 | Vaults:5 | Identified the +2 orcbow "Deexkeut" {flame, Str+4}
 55241 | Vaults:5 | Received a gift from Okawaru
 55828 | Vaults:5 | Found the +8 demon trident "Rift" {distort, reach+}
 56310 | Vaults:5 | Identified the staff of fire "Myulok" {Fly rF+ rC+ rCorr
                  | Int+4}
 56476 | Vaults:5 | Got the Volume of Green Shapeshifting
 56571 | Vaults:5 | Found Jyzoth's Magic Scroll Boutique.
 56571 | Vaults:5 | Found Nanin's Antique Armour Shoppe.
 56572 | Vaults:5 | Found Susm's Antique Weapon Shop.
 56580 | Vaults:5 | Found Licoah's Antique Armour Emporium.
 56583 | Vaults:5 | Got a silver rune of Zot
 56600 | Vaults:5 | Bought a scroll of enchant armour for 97 gold pieces
 56600 | Vaults:5 | Bought a scroll of teleportation for 39 gold pieces
 56600 | Vaults:5 | Bought a scroll of noise for 13 gold pieces
 57234 | Zot:1    | Entered Level 1 of the Realm of Zot
 57354 | Zot:1    | Identified the +0 plate armour of a Million Visions
                  | {Rampage Str-5 Stlth+} (Okawaru gifted it to you on level 1
                  | of the Realm of Zot)
 57354 | Zot:1    | Received a gift from Okawaru
 57575 | Zot:1    | Noticed an orb of fire
 57838 | Zot:1    | Reached skill level 25 in Fighting
 57838 | Zot:1    | Reached XP level 26. HP: 188/188 MP: 28/28
 57875 | Zot:1    | Found a runed translucent gate.
 57875 | Zot:1    | Found a runed translucent gate.
 57875 | Zot:1    | Found a runed translucent gate.
 57876 | Zot:1    | Noticed Wyzoinim's ghost (legendary GrMo)
 57934 | Zot:1    | Gained mutation: You are vulnerable to heat. (rF-) [an orb
                  | of fire]
 57943 | Zot:1    | Gained mutation: You do not regenerate when monsters are
                  | visible. [an orb of fire]
 57962 | Zot:1    | Killed an orb of fire
 57964 | Zot:1    | Lost mutation: Your magical capacity is low. (-10% MP)
                  | [potion of mutation]
 57964 | Zot:1    | Lost mutation: You sometimes lose your temper in combat.
                  | [potion of mutation]
 57964 | Zot:1    | Lost mutation: You are vulnerable to heat. (rF-) [potion of
                  | mutation]
 57964 | Zot:1    | Lost mutation: You do not regenerate when monsters are
                  | visible. [potion of mutation]
 58371 | Zot:1    | Found a bloodstained altar of Trog.
 58559 | Zot:1    | Reached skill level 26 in Fighting
 58799 | Zot:2    | Noticed an orb of fire
 58801 | Zot:2    | Noticed an orb of fire
 58804 | Zot:2    | Gained mutation: You occasionally shout uncontrollably at
                  | your foes. [an orb of fire]
 58815 | Zot:2    | Gained mutation: You frequently scream uncontrollably at
                  | your foes. [an orb of fire]
 58819 | Zot:2    | Gained mutation: Your spells are a little easier to cast,
                  | but a little less powerful. [an orb of fire]
 58821 | Zot:2    | Killed an orb of fire
 58829 | Zot:2    | Killed an orb of fire
 58968 | Zot:2    | Identified the scarf of Forking Paths {shadows, Int+2}
                  | (Okawaru gifted it to you on level 2 of the Realm of Zot)
 58968 | Zot:2    | Received a gift from Okawaru
 58974 | Zot:2    | Noticed a dread lich
 58980 | Zot:2    | Noticed a dread lich
 58992 | Zot:2    | Killed a dread lich
 58993 | Zot:2    | Reached skill level 27 in Fighting
 58996 | Zot:2    | Killed a dread lich
 58998 | Zot:2    | Paralysed by a floating eye for 2 turns
 59017 | Zot:2    | Noticed a dread lich
 59032 | Zot:2    | Killed a dread lich
 59074 | Zot:2    | Noticed a Killer Klown
 59112 | Zot:2    | Killed a Killer Klown
 59508 | Zot:2    | Identified the staff of fire "Irovuj" {rF+ Int+8}
 60513 | Zot:4    | Found Decu's Changing Room.
 60707 | Zot:4    | Bought a potion of mutation for 120 gold pieces
 60720 | Zot:4    | Found a runed translucent door.
 60720 | Zot:4    | Noticed skelma's ghost (veteran DsMo)
 60788 | Zot:4    | Reached XP level 27. HP: 199/199 MP: 32/32
 61531 | Zot:4    | Killed skelma's ghost
 61531 | Zot:4    | Received a gift from Okawaru
 61562 | Zot:5    | Entered Level 5 of the Realm of Zot
 61667 | Zot:5    | Identified the +7 war axe of Causality {speed, rElec Str+2}
                  | (Okawaru gifted it to you on level 5 of the Realm of Zot)
 61667 | Zot:5    | Received a gift from Okawaru
 62158 | Zot:5    | Received a gift from Okawaru
 62300 | Zot:5    | Noticed an ancient lich
 62316 | Zot:5    | Killed an ancient lich
 62367 | Zot:5    | Noticed an ancient lich
 62374 | Zot:5    | Noticed an ancient lich
 62400 | Zot:5    | Killed an ancient lich
 62409 | Zot:5    | Killed an ancient lich
 62487 | Zot:5    | Noticed a dread lich
 62517 | Zot:5    | Killed a dread lich
 62560 | Zot:5    | Noticed an orb of fire
 62562 | Zot:5    | Gained mutation: You have hidden genetic defects. [an orb
                  | of fire]
 62577 | Zot:5    | Killed an orb of fire
 62583 | Zot:5    | Reached skill level 15 in Dodging
 62583 | Zot:5    | Noticed an ancient lich
 62587 | Zot:5    | Noticed a dread lich
 62607 | Zot:5    | Killed an ancient lich
 62617 | Zot:5    | Killed a dread lich
 62664 | Zot:5    | Noticed an orb of fire
 62665 | Zot:5    | Noticed a dread lich
 62666 | Zot:5    | Gained mutation: Your spells are easier to cast, but less
                  | powerful. [an orb of fire]
 62687 | Zot:5    | Killed a dread lich
 62692 | Zot:5    | Gained mutation: You are frail. (-10% HP) [an orb of fire]
 62696 | Zot:5    | Killed an orb of fire
 62697 | Zot:5    | Lost mutation: You are frail. (-10% HP) [potion of
                  | mutation]
 62697 | Zot:5    | Lost mutation: You have hidden genetic defects. [potion of
                  | mutation]
 62697 | Zot:5    | Gained mutation: Your mind is acute. (Int +4, Str/Dex -1)
                  | [potion of mutation]
 62697 | Zot:5    | Gained mutation: You have large cloven feet. [potion of
                  | mutation]
 62800 | Zot:5    | Noticed a dread lich
 62803 | Zot:5    | Identified the scarf of Estrigimp {shadows, Str+2 SInv}
                  | (Okawaru gifted it to you on level 5 of the Realm of Zot)
 62803 | Zot:5    | Received a gift from Okawaru
 62812 | Zot:5    | Killed a dread lich
 63118 | Zot:5    | Noticed an orb of fire
 63119 | Zot:5    | Noticed an orb of fire
 63126 | Zot:5    | Gained mutation: Your mind is very acute. (Int +8, Str/Dex
                  | -2) [an orb of fire]
 63131 | Zot:5    | Lost mutation: You frequently scream uncontrollably at your
                  | foes. [an orb of fire]
 63143 | Zot:5    | Killed an orb of fire
 63145 | Zot:5    | Killed an orb of fire
 63808 | Zot:5    | Got the Orb of Zot
 63993 | Depths:2 | Noticed Hothomoffao the pandemonium lord
 64048 | Depths:1 | Killed Hothomoffao the pandemonium lord
 64382 | D:1      | woot!
 64383 | D:$      | Escaped with the Orb!

Illustrated notes

.#####.#####.#.............##.###
## #.# #.#.###.#.#...####.# #
##.## #.#.....#.#...####.# #
#...# ###.#.#.###........# #
#...# #.........#.########
#...####.#.#.#.#.#########
#####...#......#.#.....).....#
#........#.#.###.###.#.#.....#
.........#......@......#.....#
#........#.#.###.###.#.#.....# ##
#####..........#[#...........# #.
# #...####.#.#.#.#.######### #. #
#.>.# #.........# #. # #.÷.#
###.#.#.#### #. ## ##.##
#.....#..##########. .# #.#
#.###.##..........#. .###
#.#######################.#.


Turn 64382 on D:1: woot!

Levels and vault maps discovered:
D:1:      roderic_chinese_lattice_arrival, layout_loops_cross, serial_shops,
          nicolae_shop_peninsula, hellmonk_ecumenical_altar_crossroads,
          minmay_misc_feat_more_columns
D:2:      layout_rooms, serial_bayou_ford_a, uniq_jessica
D:3:      layout_basic, mainiacjoe_overflow_alcove_2, nicolae_the_louvre,
          uniq_natasha, uniq_ijyb
D:4:      layout_basic, ebering_ghost_gozag, uniq_grinder, uniq_eustachio
D:5:      minmay_razor_zed, layout_loops_ring, kennysheep_cross_room
D:6:      layout_gridville, mainiacjoe_overflow_alcove_1
D:7:      layout_loops_cross, grunt_dithmenos_shadows,
          nicolae_qazlal_style_of_elements, gammafunk_temple_overflow_wave,
          enter_bailey_5
D:8:      layout_basic, lair_entry_dummy
D:9:      layout_loops_ring, ashenzari_conservatory_becter, serial_bayou,
          serial_bayou_shore_b, serial_bayou_lagoon_a, serial_bayou_lake_a,
          serial_bayou_crossing, nicolae_fountain_basement, uniq_harold
D:10:     layout_loops_ring, doesnt_xom_only_xom, david_orc_3
D:11:     layout_basic, gauntlet_entry_generic, portal_ice_cave_entry_pillars_1,
          onia_ninara_dug_in_and_dangerous
D:12:     minmay_the_grid_triangle_9x9_rhombus_full
          [minmay_the_grid_triangle_9x9_impossible_snake,
          minmay_the_grid_triangle_9x9_fully_insulated_deathbox,
          minmay_the_grid_triangle_9x9_zippers_vertical,
          minmay_the_grid_triangle_9x9_steps,
          minmay_the_grid_triangle_9x9_from_above,
          minmay_the_grid_triangle_9x9_cache,
          minmay_the_grid_triangle_9x9_negative_grid,
          minmay_the_grid_triangle_9x9_prize_insulated], layout_rooms,
          minmay_mirror_moons_of_madness
D:13:     layout_cave_pools, erik_vaults_2, kennysheep_flooded_box,
          uniq_maurice, uniq_nessos
D:14:     layout_loops_ring, chequers_serial_rivers_room_a
D:15:     grunt_enter_depths_hoard, layout_small_grid, uniq_agnes
Lair:1:   layout_layer_cave, gammafunk_ghost_arena, infiniplex_staircase_pool_2
Lair:2:   gammafunk_lair_enchanted_lake, layout_loops_ring,
          nicolae_shoals_entry_flooding, minmay_snake_entry_guardpost_medium,
          nzn_sisyphean_effort, grunt_megastairs_5
Lair:3:   statuecave_lemuel, layout_chaotic_city, chequers_serial_rivers_room_a
Lair:4:   layout_concentric_octagons, nicolae_lair_yak_garden
Lair:5:   grunt_lair_end_beastmaster, layout_cave_shapes,
          minmay_slime_entry_pillars, uniq_sonja, uniq_kirke
Shoals:1: layout_shoals, serial_shops, nicolae_shop_tiny_real_fake_doors, shop,
          nicolae_shop_real_fake_doors, nicolae_shop_pleasant_corner_grove
Shoals:2: layout_shoals
Shoals:3: layout_shoals
Shoals:4: shoals_end_hangedman, layout_shoals
Snake:1:  layout_concentric_octagons
Snake:2:  layout_gridlike, grunt_megastairs_2, serial_bayou_shore_b,
          lemuel_fruit_tree
Snake:3:  layout_misc_corridors, hangedman_snake_pattern, grunt_megastairs_3,
          uniq_azrael
Snake:4:  grunt_snake_rune_serpentine_throne, layout_misc_corridors, drop_trap,
          grunt_ministairs_4, nicolae_snake_guarding_the_ruins,
          serial_bayou_shore_a, minmay_shop_grove
Orc:1:    layout_caves, hellmonk_guarded_unrand_dark_maul
Orc:2:    st_orc_rangers, layout_diamond_mine, serial_shops,
          nicolae_shop_industrial_runoff, elves_outpost_lemuel, uniq_josephine,
          uniq_urug
Elf:1:    layout_gridlike, serial_shops, nicolae_shop_crystal,
          gammafunk_ghost_door_vault, basic_altar, nicolae_trove_entry_columns,
          minmay_elf_annihilation, amcnicky_mini_pool_small
Elf:2:    nicolae_elf_blades_crystal_corner, layout_geoelf_octagon
Elf:3:    elf_hall_gauntlet_narrow, layout_onion_city, minivault_15,
          dreamdust_mushroom_princess
Vaults:1: vaults_mumra_hexcomb, vaults_room_door_hall,
          nicolae_vaults_shelves_hall, nicolae_vaults_oval_intersection,
          nicolae_vaults_rhombus_7, v_misc_32, vaults_mumra_minichess,
          vaults_room_grunt_arrival_ludios, v_pattern_4, ontoclasm_vaults_twist,
          nicolae_vaults_display_case, ontoclasm_vaults_loading_screen,
          v_misc_16, layout_vaults_big_cross
Vaults:2: nicolae_vaults_shelves_hall, nicolae_vaults_lightning_bolt,
          ontoclasm_vaults_shuriken, nicolae_vaults_network_star,
          vaults_standard_mumra_x, nicolae_vaults_storage_closets_1,
          nicolae_vaults_mini_display_case, layout_vaults_quadrants,
          uniq_bai_suzhen
Vaults:3: infiniplex_enter_wizlab_glasses, ontoclasm_vaults_bender,
          nicolae_vaults_shipping_containers_1, v_rooms_4,
          vaults_dpeg_encased_lava, minmay_crypt_entry_simple_plaza,
          nicolae_vaults_double_plus_1, nicolae_vaults_circle_grid_a,
          nicolae_vaults_windows_and_doors_thing, nicolae_vaults_apartment_2,
          vaults_room_pools, layout_vaults_ring, uniq_mennas, uniq_asterion
Vaults:4: gammafunk_ghost_ooze, vaults_room_grid, nicolae_vaults_angled_halls,
          vaults_mumra_minichess_inversion, v_misc_3, v_alt_pattern_3,
          hangedman_vaults_unwind, minmay_guarded_unrand_guard_vaults,
          vaults_room_semicircle, ontoclasm_vaults_idyll,
          nicolae_vaults_little_squares_6, ontoclasm_vaults_eye,
          dpeg_vaults_monster_row, vaults_room_fours,
          nicolae_vaults_trapezoid_2, layout_vaults_omnibox, serial_shops,
          nicolae_shop_hallway_stairs, uniq_aizul, uniq_margery
Vaults:5: serial_shops
Depths:1: layout_twisted_cross, enter_ziggurat_e, minmay_misc_feat_chi,
          pan_entry, lightli_too_deep, drop_trap, fedhas_altar_1,
          minmay_shop_star
Depths:2: grunt_arcs, layout_basic, rand_demon_pan_entry_1,
          minmay_misc_feat_plants, pf_vacation_house_of_asmodeus,
          nicolae_shop_self_help
Depths:3: minmay_distorted_concentric_squares, layout_basic,
          nicolae_figureground_sparkle, hell_entry, abyss_entry
Depths:4: grunt_zot_entry_tricorne, layout_small_grid, minmay_misc_feat_cross,
          hell_entry, kennysheep_random_hallway
Zot:1:    hangedman_orp_of_zott, layout_basic, ebering_ghost_rock_garden
Zot:2:    hellmonk_paralyzer, layout_basic, st_stairs_1
Zot:3:    layout_cellular_growth
Zot:4:    layout_cathedral_of_symmetry, ebering_ghost_reflecting_pool,
          nicolae_transmutations_shop
Zot:5:    layout_twisted_circle

Skill      XL: |  1  2  3  4  5  6  7  8  9 10 11 12 13 14 15 16 17 18 19 20 21 22 23 24 25 26 27 |
---------------+----------------------------------------------------------------------------------+-----
Axes           | 2 3 4 6 7 8 10 11 13 14 15 16 17 18 19 20 21 22 | 22.0
Invocations    | 1 2 3 5 6 7 8 9 10 11 12 | 12.0
Fighting       | 4 5 6 8 10 11 12 13 14 15 17 19 20 22 23 25 27 | 27.0
Armour         | 4 5 6 7 9 10 11 12 13 14 15 16 17 18 19 22 | 22.0
Dodging        | 1 2 3 4 5 6 7 8 9 10 11 12 13 17 | 17.7
Shields        | 4 5 6 7 9 12 13 15 16 18 20 22 | 22.0
Throwing       | 2 3 5 |  5.0
Ranged Weapons | 3 5 |  5.0

Action                     |  1- 3 |  4- 6 |  7- 9 | 10-12 | 13-15 | 16-18 | 19-21 | 22-24 | 25-27 || total
---------------------------+-------+-------+-------+-------+-------+-------+-------+-------+-------++-------
  Melee: War axe           |    71 |   120 |   446 |   494 |  1589 |   237 |     3 |       |   310 ||  3270
         Trident           |       |       |       |       |    20 |       |       |       |       ||    20
         Staff             |       |       |       |       |    21 |       |       |       |       ||    21
         Broad axe         |       |       |       |       |       |  1030 |  1660 |  1634 |  1758 ||  6082
   Fire: Sling             |       |       |       |       |       |       |    11 |       |       ||    11
  Throw: Dart              |       |       |       |       |    12 |       |       |       |       ||    12
         Boomerang         |       |       |       |       |       |       |     8 |       |       ||     8
 Invoke: Heroism           |       |       |    10 |    11 |    21 |     6 |    13 |     8 |     9 ||    78
         Finesse           |       |       |       |     1 |     2 |     1 |     8 |     2 |     6 ||    20
         Duel              |       |       |       |       |       |       |     1 |       |       ||     1
  Evoke: Wand              |       |       |       |       |     1 |       |       |       |     4 ||     5
    Use: Scroll            |       |       |     5 |    10 |     6 |     5 |     3 |    19 |     3 ||    51
         Potion            |       |       |       |     2 |     2 |     2 |       |     2 |     4 ||    12
   Stab: Confused          |       |       |       |       |       |       |     1 |       |       ||     1
 Armour: Scale mail        |    44 |    87 |   156 |       |       |       |       |       |       ||   287
         Ring mail         |       |       |     6 |       |       |       |       |       |       ||     6
         Crystal plate arm |       |       |       |   259 |   961 |   728 |   420 |   250 |       ||  2618
         Gold dragon scale |       |       |       |       |       |       |       |   183 |   851 ||  1034
  Dodge: Dodged            |    27 |    84 |   224 |    79 |   416 |   280 |   191 |   192 |   370 ||  1863
  Block: Buckler           |    16 |    38 |   188 |   170 |   586 |       |       |       |       ||   998
         Tower shield      |       |       |       |       |   156 |  1214 |  1701 |  1622 |  2386 ||  7079
         Reflection        |       |       |       |       |       |   100 |    27 |       |       ||   127

Table legend: (Time is in decaauts)
 A = Elapsed time spent in this place.
 B = Non-inter-level travel time spent in this place.
 C = Inter-level travel time spent in this place.
 D = Time resting spent in this place.
 E = Time spent auto-exploring this place.
 F = Levels seen in this place.
 G = Mean time per level.
                   A        B        C        D        E       F      G
               +--------+--------+--------+--------+--------+-----+--------+
         Total |  63093 |  53176 |   9917 |   4570 |  26898 |  53 | 1190.4 |
       Dungeon |  19838 |  14847 |   4991 |   1251 |   9025 |  15 | 1322.5 |
          Lair |   7215 |   6372 |    843 |    500 |   3560 |   5 | 1443.0 |
        Shoals |   4703 |   4267 |    436 |    147 |   2251 |   4 | 1175.8 |
     Snake Pit |   4477 |   3827 |    650 |    249 |   1881 |   4 | 1119.2 |
  Orcish Mines |   1864 |   1541 |    323 |     28 |    634 |   2 |  932.0 |
   Elven Halls |   3957 |   3657 |    300 |    349 |   1367 |   3 | 1319.0 |
        Vaults |   7746 |   6757 |    989 |    871 |   3146 |   5 | 1549.2 |
        Depths |   5433 |   4653 |    780 |    500 |   2175 |   4 | 1358.2 |
           Zot |   6054 |   5452 |    602 |    440 |   2774 |   5 | 1210.8 |
         Abyss |      4 |      4 |      0 |      0 |      0 |   1 |    4.0 |
        Bailey |    710 |    710 |      0 |    200 |     41 |   1 |  710.0 |
      Ice Cave |     27 |     27 |      0 |      0 |      0 |   1 |   27.0 |
        Wizlab |    694 |    694 |      0 |     32 |     44 |   1 |  694.0 |
      Gauntlet |    350 |    350 |      0 |      0 |      0 |   1 |  350.0 |
         Arena |     14 |     14 |      0 |      0 |      0 |   1 |   14.0 |
               +--------+--------+--------+--------+--------+-----+--------+

Top non-repeatable levels by time:
     D:8: 2767 daAuts
     D:9: 2298 daAuts
  Lair:2: 2017 daAuts
   Zot:5: 1914 daAuts
  Lair:1: 1911 daAuts
    D:12: 1851 daAuts
   Elf:3: 1827 daAuts
Vaults:4: 1802 daAuts
Depths:2: 1677 daAuts
 Snake:4: 1676 daAuts
Vaults:5: 1582 daAuts
Vaults:1: 1528 daAuts
Shoals:4: 1501 daAuts
  Lair:5: 1479 daAuts
Depths:4: 1433 daAuts
